 Dungeon Crawl Stone Soup version 0.28.0-1-gb440e238dd (webtiles) character file.

Game seed: 18093674451514312285

1005 PieDemon the Chopper (level 8, 64/73 HPs)
             Began as a Deep Dwarf Fighter on Feb 20, 2022.
             Quit the game on level 5 of the Dungeon.
             The game lasted 00:09:18 (3443 turns).

PieDemon the Chopper (Deep Dwarf Fighter)           Turns: 3443, Time: 00:09:19

Health: 64/73      AC: 13    Str: 22    XL:     8   Next: 0%
Magic:  7/7        EV:  6    Int:  9    God:
Gold:   226        SH:  5    Dex: 12    Spells: 7/7 levels left

rFire   . . .      SeeInvis .   C - +0 broad axe
rCold   . . .      Faith    .   c - +0 buckler
rNeg    . . .      Spirit   .   m - +0 plate armour
rPois   +          Reflect  .   y - +0 helmet
rElec   .          Harm     .   (no cloak)
rCorr   .          Rampage  .   (no gloves)
Will    ++...                   (no boots)
Stlth   ..........              (no amulet)
HPRegen 0.00/turn               z - ring of poison resistance
MPRegen 0.10/turn               w - ring of willpower

@: no status effects
A: damage resistance, heal wounds, sense surroundings 1, no regeneration
a: Heal Wounds


You were on level 5 of the Dungeon.
You visited 1 branch of the dungeon, and saw 5 of its levels.

You collected 226 gold pieces.

Inventory:

Hand Weapons
 a - a +0 war axe
 C - a +0 broad axe (weapon)
Missiles
 e - 6 boomerangs
 A - a throwing net
Armour
 b - a +0 scale mail
 c - a +0 buckler (worn)
 m - a +0 plate armour (worn)
 r - a +0 hat
 y - a +0 helmet (worn)
Jewellery
 n - a ring of wizardry
 p - a ring of fire
 w - a ring of willpower (right hand)
 x - a ring of flight
 z - a ring of poison resistance (left hand)
Wands
 k - a wand of mindburst (11)
Scrolls
 f - a scroll of magic mapping {unknown}
 g - a scroll of teleportation {unknown}
 h - 2 scrolls of identify
 i - a scroll of enchant armour {unknown}
 j - a scroll of immolation {unknown}
 l - a scroll of fear {unknown}
 o - a scroll of enchant weapon {unknown}
 s - a scroll of torment {unknown}
 v - a scroll of holy word {unknown}
Potions
 d - a potion of might
 q - a potion of mutation {unknown}
 t - 2 potions of curing {unknown}
 u - 2 potions of brilliance {unknown}
 B - a potion of berserk rage {unknown}


   Skills:
 + Level 4.5 Fighting
 * Level 6.5 Axes
 + Level 5.4 Armour
 - Level 5.0 Shields
 + Level 3.8 Evocations


You had 7 spell levels left.
You didn't know any spells.
Your spell library contained the following spells:

 Spells                   Type           Power      Damage    Failure   Level
 Slow                     Hex            0%         N/A       100%        1
 Corpse Rot               Necr/Air       0%         N/A       100%        2
 Ensorcelled Hibernation  Hex/Ice        0%         N/A       100%        2
 Passwall                 Tmut/Erth      0%         N/A       100%        2
 Poisonous Vapours        Pois/Air       0%         N/A       100%        2
 Confusing Touch          Hex            0%         N/A       100%        3
 Swiftness                Air            0%         N/A       100%        3
 Vampiric Draining        Necr           0%         2d6       100%        3


Dungeon Overview and Level Annotations

Branches:
Dungeon (5/15)
 Temple: D:4-7

Altars:
Kikubaaqudgha


Innate Abilities, Weirdness & Mutations

You are resistant to damage.
You can heal yourself by infusing magical energy.
You passively map a small area around you.
You do not regenerate.


Message History

The shadow imp hits you but does no damage.
You closely miss the shadow imp. The shadow imp hits you. x2
You slice the shadow imp!!
You kill the shadow imp!
No target in view!
No target in view!
A hound skeleton comes into view.
The hound skeleton bites you but does no damage.
You barely miss the hound skeleton.
The hound skeleton bites you but does no damage.
You barely miss the hound skeleton.
The hound skeleton barely misses you. x2
You barely miss the hound skeleton. The hound skeleton closely misses you.
The hound skeleton bites you but does no damage.
You barely miss the hound skeleton.
The hound skeleton bites you but does no damage.
You slash the hound skeleton!
The hound skeleton is moderately damaged.
The hound skeleton bites you but does no damage.
The hound skeleton barely misses you.
You hit the hound skeleton.
The hound skeleton is heavily damaged.
You block the hound skeleton's attack.
The hound skeleton bites you but does no damage.
You barely miss the hound skeleton.
The hound skeleton is heavily damaged.
The hound skeleton bites you but does no damage.
You block the hound skeleton's attack.
You slash the hound skeleton!
You destroy the hound skeleton!
You have reached level 8!
You feel stronger.
You see here 17 sling bullets.
t - 2 fizzy white potions (gained 1)
You now have 226 gold pieces (gained 16).
You see here a +0 ring mail.
There is a stone staircase leading down here.
You see here a necrophage skeleton.
Done exploring.
Done exploring.
Are you sure you want to abandon this character and quit the game? (Confirm with "yes".)

#.........## #.##.#
....#####..####.##(#
###.## ##...##.##.#####
###..# ###.##....(...#
.##..# #...........#
.##..##########........#
...........รท...........#
.###.......####........#
.# #.......# #.@......#
.# #.......# #........#
## #.......# #........#
#.......# #........#
#.......# ##########
#.......# #.......#
#########


There were no monsters in sight!

Vanquished Creatures
  Sigmund (D:2)
  A steam dragon (D:5)
  Duvessa (D:5)
  2 necrophages (D:5)
  Dowan (D:5)
  A water moccasin skeleton (D:5)
  An orc priest (D:4)
  Natasha (twice) (D:2)
  3 iguanas (D:4)
  2 orc wizards (D:5)
  A hound skeleton (D:5)
  2 adders (D:2)
  4 gnolls
  A shadow imp (D:5)
  2 worms
  4 dart slugs
  12 orcs
  3 ball pythons
  4 bats
  5 endoplasms
  5 giant cockroaches
  3 goblins
  6 hobgoblins
  4 jackals
  4 kobolds
  A quokka (D:4)
  4 frilled lizards
  5 rats
85 creatures vanquished.

Vanquished Creatures (others)
  A human (D:4)
1 creature vanquished.

Grand Total: 86 creatures vanquished

Notes
Turn   | Place    | Note
-------+----------+-------------------------------------------
     0 | D:1      | PieDemon the Deep Dwarf Fighter began the quest for the
                  | Orb.
     0 | D:1      | Reached XP level 1. HP: 20/20 MP: 1/1
    82 | D:1      | Reached XP level 2. HP: 24/27 MP: 2/2
   473 | D:1      | Reached XP level 3. HP: 29/33 MP: 3/3
   494 | D:1      | Reached skill level 3 in Axes
  1232 | D:2      | Noticed Sigmund
  1236 | D:2      | Killed Sigmund
  1237 | D:2      | Reached skill level 4 in Axes
  1237 | D:2      | Reached XP level 4. HP: 42/42 MP: 4/4
  1237 | D:2      | Reached XP level 5. HP: 49/49 MP: 5/5
  1273 | D:2      | Noticed Natasha
  1289 | D:2      | Killed Natasha
  1504 | D:2      | Noticed Natasha
  1509 | D:2      | Killed Natasha
  1622 | D:3      | Reached XP level 6. HP: 45/56 MP: 6/6
  2272 | D:4      | Found an ancient bone altar of Kikubaaqudgha.
  2273 | D:4      | Noticed a human
  2275 | D:4      | Killed a human
  2298 | D:4      | Reached skill level 1 in Evocations
  2794 | D:4      | Reached skill level 5 in Axes
  2996 | D:5      | Entered Level 5 of the Dungeon
  2997 | D:5      | Noticed Grinder
  3045 | D:5      | Reached XP level 7. HP: 36/63 MP: 6/6
  3136 | D:5      | Reached skill level 5 in Shields
  3184 | D:5      | Noticed a steam dragon
  3195 | D:5      | Killed a steam dragon
  3196 | D:5      | Reached skill level 6 in Axes
  3196 | D:5      | Reached skill level 5 in Armour
  3198 | D:5      | Noticed Duvessa
  3198 | D:5      | Noticed Dowan
  3206 | D:5      | Killed Duvessa
  3214 | D:5      | Killed Dowan
  3333 | D:5      | Reached XP level 8. HP: 64/73 MP: 7/7
  3443 | D:5      | Quit the game

Illustrated notes

Levels and vault maps discovered:
D:1:      heliophobic_arrival_battle_scene, layout_basic
D:2:      layout_rooms, solitary_fountain, corner_web_ring,
          nicolae_concentric_dashed_squares_mild, minmay_misc_feat_encased,
          guppyfry_early_orc_mine, uniq_sigmund, uniq_natasha
D:3:      layout_basic
D:4:      layout_loops_corners, tgw_kikubaaqudgha, kennysheep_another_room
D:5:      layout_rooms, uniq_duvessa, uniq_grinder

Skill      XL: |  1  2  3  4  5  6  7 |
---------------+----------------------+-----
Axes           | 4 5 6 |  6.5
Fighting       | 3 4 |  4.5
Armour         | 4 5 |  5.4
Shields        | 4 5 |  5.0
Evocations     | 2 3 |  3.8

Action                   |  1- 3 |  4- 6 |  7- 9 || total
-------------------------+-------+-------+-------++-------
Melee: War axe           |   110 |   116 |    65 ||   291
       Broad axe         |       |       |    10 ||    10
 Abil: Heal Wounds       |     1 |     2 |     5 ||     8
Evoke: Wand              |     4 |       |     1 ||     5
  Use: Scroll            |       |     1 |       ||     1
Armor: Scale mail        |    49 |       |       ||    49
       Plate armour      |       |    62 |    46 ||   108
Dodge: Dodged            |    60 |    23 |    24 ||   107
Block: Buckler           |    26 |    31 |    22 ||    79
